 Dungeon Crawl Stone Soup version 0.23.2-40-g277498a001 (webtiles) character file.

Game seed: 18027620882802185014

559 Fruktlimpa the Digger (level 7, -4/61 HPs)
             Began as a Deep Dwarf Earth Elementalist on Sept 6, 2019.
             Was a High Priest of Jiyva.
             Slain by an orc warrior
             ... wielding a +0 scimitar
              (19 damage)
             ... on level 4 of the Dungeon.
             The game lasted 00:14:18 (3083 turns).

Fruktlimpa the Digger (DDEE)                        Turns: 3083, Time: 00:14:18

Health: -4/61      AC:  3    Str: 15    XL:     7   Next: 9%
Magic:  1/11       EV: 12    Int: 15    God:    Jiyva [*****.]
Gold:   195        SH:  0    Dex: 12    Spells: 11/15 levels left

rFire    + . .     SeeInvis .   r - +0 morningstar
rCold    . . .     Gourm    .   (no shield)
rNeg     . . .     Faith    .   k - +0 leather armour
rPois    .         Spirit   .   (helmet restricted)
rElec    .         Reflect  .   (no cloak)
rCorr    +         Harm     .   (no gloves)
MR       +....                  (no boots)
Stlth    ++........             e - amulet of the acrobat
HPRegen  0.00/turn              p - ring of protection from fire
MPRegen  0.12/turn              (no ring)

@: very slightly contaminated, non-regenerating
A: damage resistance, heal wounds, beak, sense surroundings 1, translucent skin
1, sturdy frame 1, no regeneration
a: Heal Wounds, Request Jelly, Slimify, Cure Bad Mutation, Renounce Religion


You were on level 4 of the Dungeon.
You worshipped Jiyva.
Jiyva was extremely pleased with you.
You were not hungry.

You visited 1 branch of the dungeon, and saw 4 of its levels.

You collected 195 gold pieces.

Inventory:

Hand Weapons
 r - a +0 morningstar (weapon)
Missiles
 q - 52 arrows
Armour
 k - a +0 leather armour (worn)
Jewellery
 e - an amulet of the acrobat (around neck)
 p - a ring of protection from fire (left hand)
Scrolls
 a - a scroll of teleportation
 c - 3 scrolls of identify
 f - 2 scrolls of remove curse
 j - a scroll of amnesia {unknown}
 m - a scroll of fear {unknown}
Potions
 g - a potion of invisibility {unknown}
 h - a potion of degeneration {unknown}
 i - 2 potions of heal wounds {unknown}
 l - a potion of brilliance {unknown}
 o - a potion of resistance {unknown}
Comestibles
 b - 6 chunks of flesh
 d - 7 rations


   Skills:
 * Level 2.4 Fighting
 - Level 1.7 Maces & Flails
 - Level 0.4 Armour
 - Level 2.5 Dodging
 - Level 2.4 Stealth
 * Level 4.7 Spellcasting
 * Level 0.7 Conjurations
   Level 0.8 Transmutations
 + Level 5.9 Earth Magic


You had 11 spell levels left.
You knew the following spells:

 Your Spells              Type           Power        Failure   Level  Hunger
a - Stone Arrow           Conj/Erth      ##....       13%         3    ###....
b - Sandblast             Erth           ###...       1%          1    None

Your spell library contained the following spells:

 Spells                   Type           Power        Failure   Level  Hunger
 Passwall                 Tmut/Erth      ##......     6%          2    ##.....
 Petrify                  Tmut/Erth      ##......     38%         4    ####...
 Lee's Rapid Deconstruct  Erth           ###.......   38%         5    ######.


Dungeon Overview and Level Annotations

Branches:
Dungeon (4/15)
 Temple: D:4-7

Altars:
Jiyva


Innate Abilities, Weirdness & Mutations

You are resistant to damage.
You can heal yourself by infusing magical energy.
You passively map a small area around you.
You do not regenerate.
You have a beak for a mouth.
Your translucent skin slightly reduces your foes' accuracy. (Stealth)
Your movements are slightly less encumbered by armour. (ER -2)


Message History

The floor shifts beneath you alarmingly!
Casting: Stone Arrow (safe; 13% risk of failure)
Confirm with . or Enter, or press ? or * to list all spells.
You don't have enough magic to cast that spell.
You barely miss the orc warrior.
The orc warrior is almost dead.
The orc warrior hits you with a +0 scimitar!!
* * * LOW HITPOINT WARNING * * *
The orc warrior closely misses you.
You hit the orc warrior.
The orc warrior is almost dead.
The orc warrior hits you with a +0 scimitar.
* * * LOW HITPOINT WARNING * * *
You hit the orc warrior but do no damage.
The orc warrior is almost dead.
The orc warrior barely misses you.
You barely miss the orc warrior. You peck the orc warrior.
The orc warrior is almost dead.
The orc warrior hits you with a +0 scimitar!!
You die...

####............####....#>......
#....................#.##.......
#............J.......#.##...J###
#.....................###<...#.
##..........J...........##......
#........................#......
#...................##..........
#......J.............#..........
#..........##..@....#...........
#..........#...o...............#
##......#......J..#.#.####.....#
##....#.#..##.....###.# #......
##.#.........#....###..# ##.....
#....####.#.......#....####......
.......#..##...........#....#....
.........####.J...........###....
.##..#....###.........#..##....#.


You could see an orc warrior and 4 neutral jellies (fellow slime).

Vanquished Creatures
  2 centaurs
  An ogre (D:4)
  A bullfrog (D:3)
  2 hounds (D:4)
  An iguana (D:4)
  3 gnolls (D:3)
  7 adders
  An adder skeleton (D:4)
  3 worms
  A dart slug (D:1)
  7 orcs
  4 bats (D:3)
  6 giant cockroaches
  8 goblins
  10 hobgoblins
  13 jackals
  A quokka (D:4)
  A ball python (D:3)
  5 frilled lizards
  4 kobolds
  10 rats
91 creatures vanquished.

Vanquished Creatures (others)
  Sigmund (D:4)
  A hound (D:4)
  An orc priest (D:4)
  9 jellies (D:4)
  A worker ant (D:4)
  6 orcs
  A giant cockroach (D:4)
  2 jackals (D:4)
22 creatures vanquished.

Grand Total: 113 creatures vanquished

Notes
Turn   | Place    | Note
-------+----------+-------------------------------------------
     0 | D:1      | Fruktlimpa the Deep Dwarf Earth Elementalist began the
                  | quest for the Orb.
     0 | D:1      | Reached XP level 1. HP: 15/15 MP: 3/3
   295 | D:1      | Reached XP level 2. HP: 20/22 MP: 5/5
   784 | D:2      | Reached XP level 3. HP: 26/30 MP: 4/6
   922 | D:2      | Reached skill level 1 in Fighting
   944 | D:2      | Learned a level 3 spell: Stone Arrow
  1371 | D:2      | Noticed a centaur
  1378 | D:2      | Killed a centaur
  1378 | D:2      | Reached skill level 1 in Maces & Flails
  1378 | D:2      | Reached XP level 4. HP: 19/38 MP: 1/9
  1378 | D:2      | Reached XP level 5. HP: 22/44 MP: 1/10
  1742 | D:3      | Reached skill level 5 in Earth Magic
  1794 | D:3      | Reached XP level 6. HP: 42/52 MP: 1/11
  1997 | D:3      | Found a faded altar of an unknown god.
  2016 | D:3      | Became a worshipper of Jiyva Jigor the Shapeless
  2016 | D:3      | Reached * piety under Jiyva
  2138 | D:3      | Reached ** piety under Jiyva
  2482 | D:4      | Reached *** piety under Jiyva
  2510 | D:4      | Gained mutation: Your translucent skin slightly reduces
                  | your foes' accuracy. (Stealth) [Jiyva's grace]
  2523 | D:4      | Reached **** piety under Jiyva
  2528 | D:4      | Noticed Sigmund
  2547 | D:4      | Killed Sigmund
  2578 | D:4      | Gained mutation: You have a beak for a mouth. [Jiyva's
                  | grace]
  2727 | D:4      | Reached ***** piety under Jiyva
  2727 | D:4      | Gained mutation: Your movements are slightly less
                  | encumbered by armour. (ER -2) [Jiyva's grace]
  2800 | D:4      | Noticed an orc warrior
  2941 | D:4      | Reached XP level 7. HP: 23/61 MP: 1/11
  3083 | D:4      | Slain by an orc warrior

Skill      XL: |  1  2  3  4  5  6 |
---------------+-------------------+-----
Spellcasting   | 2 3 4 |  4.7
Fighting       | 1 2 |  2.4
Maces & Flails | 1 |  1.7
Earth Magic    | 5 |  5.9
Armour         | |  0.4
Dodging        | |  2.5
Stealth        | |  2.4
Conjurations   | |  0.7
Transmutations | |  0.8

Action                   |  1- 3 |  4- 6 |  7- 9 || total
-------------------------+-------+-------+-------++-------
Melee: Whip              |    83 |    35 |       ||   118
       Short sword       |     7 |       |       ||     7
       Morningstar       |       |    73 |     4 ||    77
       Peck              |       |     4 |     1 ||     5
 Cast: Sandblast         |    36 |    58 |       ||    94
       Stone Arrow       |       |     3 |     1 ||     4
 Abil: Heal Wounds       |     2 |     9 |       ||    11
  Use: Scroll            |       |     3 |       ||     3
 Stab: Sleeping          |     3 |     1 |       ||     4
  Eat: Chunk             |     2 |     3 |       ||     5
Armor: Robe              |    11 |       |       ||    11
       Leather armour    |     6 |    33 |       ||    39
Dodge: Dodged            |    70 |   131 |     3 ||   204
